[Event "*** Titled Tuesday Blitz"]
[Site "Chess.com"]
[Date "2020.11.03"]
[Round "4"]
[White "Flawless_Fighter"]
[Black "gmmoranda"]
[Result "0-1"]
[WhiteElo "2665"]
[BlackElo "2895"]
[TimeControl "180+1"]
[EndTime "10:42:13 PST"]
[Termination "gmmoranda won by resignation"]

1. d4 Nf6 2. c4 e6 3. g3 d5 4.
Bg2 dxc4 5. Nf3 a6 6. Ne5 Bb4+ 7. Bd2 Qxd4 8. Bxb4 Qxe5 9. O-O Nc6 10. Bxc6+ bxc6 11. Nd2 Bb7 12. Nxc4 Qb5 13. Qb3 c5 14. Bxc5 Qc6 15.
e4 Qxc5 16. Qxb7 O-O 17. e5 Nd5 18. Qb3 Rab8 19. Qc2 Nb4 20. Qe2 Rfd8 21. Rfd1 Rxd1+ 22. Rxd1 Nxa2 23. Rd7 h6 24. Qe4 Nb4 25. Ne3 a5 26. h4 a4 27. Qf4 Rf8 28. Ng4 Nd5 29. Qd2 Qc6 30. Nxh6+ gxh6 31. Qxh6 Qc2 32. Qg5+ Qg6 33.
Qd2 Rb8 34. Kh2 Qf5 35. Kg2 Kf8 36. Qh6+ Ke8 37. Qh8+ Kxd7 38. Qxb8 Qe4+ 39. Kh2 Qe2 40. Kg2 Qe1 41. Qb5+ Kd8 42. Qxa4 Qxe5 43. Qc4 Qxb2 44.
h5 Ne3+ 45. Kf3 Nxc4 0-1

[Event "*** Titled Tuesday Blitz"]
[Site "Chess.com"]
[Date "2020.11.03"]
[Round "4"]
[White "Philosopherrr"]
[Black "Zkid"]
[Result "1-0"]
[WhiteElo "2557"]
[BlackElo "2792"]
[TimeControl "180+1"]
[EndTime "10:42:14 PST"]
[Termination "Philosopherrr won by resignation"]

1. e4 e6 2. d4 d5 3. Nc3 Bb4 4.
e5 c5 5. Bd2 Ne7 6. a3 Bxc3 7.
Bxc3 cxd4 8. Qxd4 Nbc6 9. Qg4 O-O 10. Nf3 Ng6 11. O-O-O Qc7 12. Qg3 f6 13. exf6 Qxg3 14. f7+ Rxf7 15. hxg3 h6 16. Bd3 Nf8 17. g4 e5 18. Nxe5 Nxe5 19. Bxe5 Rxf2 20. g5 hxg5 21. g3 Bf5 22. Bd4 Rf3 23. Bxf5 Rxf5 24. Rde1 Kf7 25. Rh8 a6 26. Kd2 Rc8 27. b4 Rc4 28. Bc5 Ne6 29. Bg1 Nd4 30. Bxd4 Rxd4+ 31. Kc1 Rf2 32. Ree8 Rc4 33. Rhf8+ Kg6 34. Rxf2 Rc3 35. Rd8 Rxa3 36. Rxd5 Rxg3 37. Rd7 Re3 38. Rxb7 g4 39. Rg2 g3 40.
Kd2 Ra3 41. Re7 Kf5 42. Rxg7 Kf4 43. R7xg3 Rxg3 44. Rxg3 Kxg3 45. Ke3 Kg4 46. Ke4 Kg5 47. Ke5 Kg6 48. Ke6 Kg7 49. c4 Kf8 50. Kd7 1-0

[Event "*** Titled Tuesday Blitz"]
[Site "Chess.com"]
[Date "2020.11.03"]
[Round "4"]
[White "AlexOstrovskiy"]
[Black "Anna_ChessMate"]
[Result "1-0"]
[WhiteElo "2795"]
[BlackElo "2529"]
[TimeControl "180+1"]
[EndTime "10:42:14 PST"]
[Termination "AlexOstrovskiy won on time"]

1. d4 d5 2. Bf4 Nf6 3. e3 c5 4.
dxc5 Nc6 5. Bb5 e6 6. b4 Be7 7.
c3 O-O 8. Nd2 Bd7 9. a4 b6 10.
Bxc6 Bxc6 11. b5 Be8 12. c6 a6 13. Ngf3 Kh8 14. O-O Ng8 15. Qc2 f6 16. Bg3 e5 17.
Rfd1 Qc8 18. e4 Bg6 19. Nh4 Bf7 20. Nf5 Rd8 21. Nxe7 Nxe7 22. exd5 Nxd5 23. c4 Ne7 24. f3 Nf5 25. Bf2 Nd4 26. Qb2 Ne2+ 27. Kf1 Nd4 28.
Rac1 Qf5 29. Ne4 axb5 30. axb5 h5 31. Bxd4 exd4 32. Rxd4 h4 33. Nd6 Rxd6 34. Rxd6 h3 35. Rd4 hxg2+ 36. Kxg2 Be6 37. Qf2 Kg8 38. Rcd1 Kf7 39.
c7 Rc8 40. Qg3 1-0

[Event "*** Titled Tuesday Blitz"]
[Site "Chess.com"]
[Date "2020.11.03"]
[Round "4"]
[White "lamomiablanca"]
[Black "keepitcoming"]
[Result "0-1"]
[WhiteElo "2262"]
[BlackElo "2537"]
[TimeControl "180+1"]
[EndTime "10:42:15 PST"]
[Termination "keepitcoming won by resignation"]

1. e4 c6 2. d4 d5 3. Nc3 dxe4 4. Nxe4 Nf6 5. Ng3 h5 6. Bc4 h4 7. N3e2 Bg4 8. h3 Bf5 9. Nf3 e6 10. Bf4 Bd6 11. c3 Qc7 12. Bxd6 Qxd6 13. Qd2 Ne4 14. Qf4 Qxf4 15. Nxf4 Nd7 16. Nd2 O-O-O 17. Nxe4 Bxe4 18. O-O g5 19. Ne2 c5 20. Rad1 Nb6 21. Bb3 c4 22. f3 Bg6 23. f4 cxb3 24. axb3 f6 25. fxg5 fxg5 26. Rf6 Bf5 27. c4 Rdf8 28. Rxf8+ Rxf8 29. Nc3 Bc2 30. Re1 Bxb3 31. c5 Nd5 32. Ne4 Rg8 33.
Nd6+ Kd7 34. Nxb7 Nf4 35. c6+ Kxc6 36. Na5+ Kd5 37. Nxb3 Nd3 38. Re2 Rb8 39. Nc5 Rxb2 40. Rxe6 Nxc5 41. Re5+ Kxd4 42. Rxg5 a5 43. Rg4+ Ne4 44.
Rxh4 a4 45. Rh8 a3 46. Ra8 a2 47.
Kh2 Nc3 48. h4 Rb1 49. Rd8+ Nd5 0-1

[Event "*** Titled Tuesday Blitz"]
[Site "Chess.com"]
[Date "2020.11.03"]
[Round "4"]
[White "GoltsevDmitry2000"]
[Black "ural58"]
[Result "1/2-1/2"]
[WhiteElo "2659"]
[BlackElo "2362"]
[TimeControl "180+1"]
[EndTime "10:42:15 PST"]
[Termination "Game drawn by repetition"]

1. e4 d5 2. exd5 Qxd5 3. Nf3 Bg4 4. Be2 Nc6 5. Nc3 Qd7 6. h3 Bh5 7. O-O O-O-O 8. d3 Nf6 9. Bf4 e6 10. Ne5 Bxe2 11. Qxe2 Nxe5 12. Bxe5 Bd6 13. f4 Qc6 14.
Rae1 a6 15. Bxf6 gxf6 16. Ne4 f5 17. Ng5 Qd7 18. Qh5 Rdf8 19. c3 h6 20. Nf3 Bxf4 21. d4 Bd6 22. Nd2 Kb8 23. Nc4 Qc6 24. Ne3 Bg3 25.
d5 exd5 26. Re2 d4 27. cxd4 f4 28. Nf5 Re8 29. Re5 Rxe5 30. dxe5 Qc5+ 31. Kh1 Qc4 32. Rd1 Qxa2 33. b4 Qb3 34. Rf1 Qc4 35. Rd1 Qb3 36. Rc1 Qxb4 37. Qxf7 Rc8 38. Ne7 Qd2 39. Rb1 Qd7 40. Qb3 Qb5 41. Qxb5 axb5 42. Nxc8 Kxc8 43. Rxb5 c6 44. Ra5 Kd7 45. Ra7 Ke6 46. Rxb7 Kxe5 47. Rh7 c5 48. Rxh6 c4 49. Rc6 Kd4 50. Kg1 c3 51. Kf1 Kd3 52. Rd6+ Ke3 53. Re6+ Kd2 54. Rd6+ Ke3 55. Re6+ Kd2 56. Rd6+ Ke3 1/2-1/2

[Event "*** Titled Tuesday Blitz"]
[Site "Chess.com"]
[Date "2020.11.03"]
[Round "4"]
[White "Promacherr"]
[Black "dropstoneDP"]
[Result "1-0"]
[WhiteElo "2697"]
[BlackElo "2897"]
[TimeControl "180+1"]
[EndTime "10:42:16 PST"]
[Termination "Promacherr won on time"]

1. d4 Nf6 2. Nf3 d5 3. Bf4 c5 4. e3 Nc6 5. Nbd2 cxd4 6. exd4 Qb6 7. Nb3 Bf5 8. a4 e6 9. a5 Bb4+ 10. c3 Bxa5 11. Ne5 g5 12. Be3 Ne4 13. Nxc6 Nxc3 14. Qd2 bxc6 15. bxc3 Qxb3 16. Rxa5 Qb1+ 17. Qc1 Rb8 18.
Ra1 Qe4 19. f3 Qh4+ 20. g3 Qh6 21. Bxg5 Qg6 22. Bf4 Rb3 23. Be2 Bd3 24. Qd2 Bxe2 25. Qxe2 Rxc3 26. O-O O-O 27. Rxa7 Rc2 28. Qe5 Rc3 29. Qg5 Re8 30. Qxg6+ hxg6 31. Be5 g5 32. f4 g4 33. f5 f6 34. Bxf6 exf5 35. Be5 Rf8 36. Rg7+ Kh8 37. Rc7+ Kg8 38. Rg7+ Kh8 39. Rxg4+ Kh7 40. Rg7+ Kh6 41. Rf4 Rc1+ 42. Kg2 Rc2+ 43. Kh3 1-0

[Event "*** Titled Tuesday Blitz"]
[Site "Chess.com"]
[Date "2020.11.03"]
[Round "4"]
[White "LaPorfia"]
[Black "TheCavemanChesss"]
[Result "0-1"]
[WhiteElo "2287"]
[BlackElo "2457"]
[TimeControl "180+1"]
[EndTime "10:42:16 PST"]
[Termination "TheCavemanChesss won by checkmate"]

1. d4 Nf6 2. Nf3 d5 3. Bf4 c5 4. e3 Nc6 5. c3 Qb6 6. Qb3 c4 7. Qxb6 axb6 8. Na3 Na7 9. Be2 Bf5 10. Bd1 e6 11.
Nc2 h6 12. a3 Nc6 13. Rc1 Be7 14. Ne5 Na5 15. Nb4 g5 16. Bg3 Ne4 17. f3 Nxg3 18. hxg3 f6 19. g4 Bh7 20. Ba4+ Kf8 21. Nd7+ Kg7 22. Nxb6 Ra7 23. Bc2 Nb3 24. Bxb3 cxb3 25. Nd7 Rc8 26. Nb6 Rc7 27. Kf2 Bxb4 28. cxb4 Bc2 29. a4 Rc6 30. a5 Rxb6 31. axb6 Ra2 32. Ra1 Rxb2 33. Ra7 Kg6 34. Rxb7 f5 35. gxf5+ exf5 36. Kg3 h5 37. Rc7 h4+ 38. Kh2 g4 39. fxg4 fxg4 40.
Re1 g3+ 41. Kg1 Be4 42. Rc6+ Kg5 43. b7 Rxg2+ 44. Kf1 Rf2+ 45. Kg1 h3 46. Rc5 h2# 0-1

[Event "*** Titled Tuesday Blitz"]
[Site "Chess.com"]
[Date "2020.11.03"]
[Round "4"]
[White "rududuyk"]
[Black "ARTHURMOTIVATOR"]
[Result "0-1"]
[WhiteElo "2168"]
[BlackElo "2390"]
[TimeControl "180+1"]
[EndTime "10:42:16 PST"]
[Termination "ARTHURMOTIVATOR won on time"]

1. e4 c6 2. d4 d5 3. exd5 cxd5 4. Bd3 Nc6 5. c3 Nf6 6. Bf4 g6 7. h3 Bg7 8. Nf3 O-O 9. Nbd2 Bf5 10. Bxf5 gxf5 11.
Qc2 Ne4 12. g4 Qd7 13. Rg1 Kh8 14. Nh4 fxg4 15. hxg4 e5 16. dxe5 Bxe5 17. Bxe5+ Nxe5 18. O-O-O Nxd2 19. Qxd2 f6 20. Qxd5 Qa4 21. Qb3 Qf4+ 22. Kb1 Rad8 23. Rxd8 Rxd8 24. f3 Qh2 25. Ng6+ hxg6 26.
Re1 Qd2 27. Rh1+ Kg7 28. Qxb7+ Rd7 29. Qb8 Qd3+ 30. Kc1 Rd8 31. Qc7+ Qd7 32. Qxd7+ Rxd7 33. Rf1 Nc4 34. b3 Ne5 35. c4 Kf7 36. c5 Nd3+ 37. Kc2 Nxc5 38. Kc3 Ne6 39. b4 Nf4 40. b5 Ne2+ 41. Kc4 f5 42. gxf5 gxf5 43. a4 Nf4 44. Kc5 Ne6+ 45. Kc6 Ke7 0-1

[Event "*** Titled Tuesday Blitz"]
[Site "Chess.com"]
[Date "2020.11.03"]
[Round "4"]
[White "AndrewMcStone"]
[Black "VladaSviridova"]
[Result "1-0"]
[WhiteElo "2173"]
[BlackElo "2285"]
[TimeControl "180+1"]
[EndTime "10:42:16 PST"]
[Termination "AndrewMcStone won by resignation"]

1. d4 d5 2. c4 c6 3. Nc3 Nf6 4. e3 e6 5. Nf3 Nbd7 6. Qc2 Bd6 7. b3 O-O 8. Bd3 e5 9. dxe5 Nxe5 10. Nxe5 Bxe5 11. Bb2 dxc4 12. Bxc4 a6 13. f4 Bc7 14. O-O Qe7 15. Rae1 b5 16. Bd3 c5 17. Ne4 Nd7 18. Ng3 h6 19. Bxg7 Rd8 20. Bh7+ Kxg7 21. Nf5+ Kxh7 22. Nxe7+ Kh8 23. Qc3+ f6 24. Rd1 Kg7 25. Rf3 Nf8 26. Rg3+ Kf7 27. Nd5 Nh7 28. Rd2 Ra7 29. Qc2 Nf8 30. Nxc7 Rxd2 31. Qxd2 Rxc7 32.
Qd5+ Be6 33. Qh5+ Ke7 34. Qxh6 Rd7 35. Rg7+ Bf7 36. Qh5 Ke8 37. Rxf7 Rxf7 38. Qxc5 Rd7 39. Qc6 Ke7 40. Qxa6 Ne6 41. Qxb5 Rd2 42. Qb4+ 1-0

[Event "*** Titled Tuesday Blitz"]
[Site "Chess.com"]
[Date "2020.11.03"]
[Round "4"]
[White "BAS8892"]
[Black "jefferyx"]
[Result "0-1"]
[WhiteElo "2693"]
[BlackElo "2924"]
[TimeControl "180+1"]
[EndTime "10:42:17 PST"]
[Termination "jefferyx won by resignation"]

1. d4 Nf6 2. Bf4 d5 3. e3 Bf5 4. c4 e6 5. Nc3 Bb4 6. Qb3 c5 7. dxc5 Nc6 8. a3 Bxc3+ 9. Qxc3 d4 10. exd4 Qxd4 11. Ne2 Qxc3+ 12. bxc3 e5 13. Be3 Bd3 14. Ng3 O-O-O 15. O-O-O Bxf1 16. Rhxf1 Na5 17. Nf5 Nxc4 18. Nxg7 Nd5 19. Nf5 Nxc3 20. Rxd8+ Rxd8 21. Kc2 Nd5 22. Bc1 Rd7 23. Rd1 Kc7 24. Nd6 Nxd6 25. Rxd5 Nc4 26.
Rxd7+ Kxd7 27. Kd3 Na5 28. Ke4 Ke6 29. g4 Nc6 30. g5 Ne7 31. Bb2 Ng6 32. a4 a6 33.
h3 Nf4 34. Bxe5 Nxh3 35. f4 Nf2+ 36. Ke3 Ng4+ 37. Ke4 f5+ 38. gxf6 Nxf6+ 39. Kd4 h5 40. Bd6 h4 41. Kd3 Kf5 42. Be5 Nd5 43. Kd4 Nxf4 44. c6 bxc6 45. Bb8 h3 46. Ke3 h2 0-1

[Event "*** Titled Tuesday Blitz"]
[Site "Chess.com"]
[Date "2020.11.03"]
[Round "4"]
[White "Man-Chuk"]
[Black "krzyzan94"]
[Result "0-1"]
[WhiteElo "2839"]
[BlackElo "2666"]
[TimeControl "180+1"]
[EndTime "10:42:17 PST"]
[Termination "krzyzan94 won on time"]

1. c4 e5 2. g3 d6 3. Bg2 Nf6 4.
Nc3 Nc6 5. Nf3 Be6 6. d3 Qd7 7. Rb1 Bh3 8. Bxh3 Qxh3 9. e4 h6 10. Nd5 Nxd5 11. cxd5 Nd8 12. Be3 Be7 13. Rg1 f5 14.
Qa4+ c6 15. dxc6 bxc6 16. Qc4 fxe4 17. dxe4 Rf8 18. Nh4 Qxh2 19. Qf1 Bxh4 20. Rh1 Qxg3 21. fxg3 Bxg3+ 22. Kd2 Rxf1 23. Rbxf1 Ne6 24. Rfg1 Bf4 25. Bxf4 exf4 26. b4 a5 27. bxa5 Rxa5 28. Ra1 Nc5 29. Kc2 Ra4 30. Rhe1 Ke7 31. e5 d5 32. Rg1 g5 33.
Rh1 Rc4+ 34. Kb2 Nd3+ 35. Kb3 Ke6 36. Rxh6+ Kxe5 37. a4 Kd4 38. a5 Rc3+ 39. Ka2 f3 40. Rf6 Rc2+ 41. Kb3 Rb2+ 42. Ka3 Rb5 0-1

[Event "*** Titled Tuesday Blitz"]
[Site "Chess.com"]
[Date "2020.11.03"]
[Round "4"]
[White "TorFredrikKaasen"]
[Black "kingofthenil"]
[Result "1-0"]
[WhiteElo "2698"]
[BlackElo "2484"]
[TimeControl "180+1"]
[EndTime "10:42:17 PST"]
[Termination "TorFredrikKaasen won by resignation"]

1. d4 Nf6 2. c4 c5 3. d5 e6 4. Nc3 exd5 5. cxd5 g6 6. e4 d6 7. Nf3 Bg7 8. Nd2 Nbd7 9. Be2 O-O 10. O-O Ne5 11. f4 Neg4 12. Nc4 b5 13. h3 bxc4 14. hxg4 Nxg4 15. Bxg4 Qh4 16. Bh3 Bxh3 17. Be3 Qg3 18. Qf3 Qxf3 19. Rxf3 Bg4 20. Rf2 Rfe8 21. e5 dxe5 22.
Bxc5 exf4 23. Rxf4 f5 24. Rxc4 Rac8 25. Kf1 Bxc3 26.
Rxc3 Re5 27. Bxa7 Ra8 28. Rc7 Rxd5 29. b4 f4 30. a4 Rd7 31. Bb6 Rxc7 32. Bxc7 Bd7 33.
a5 g5 34. Kf2 Kf7 35. Rd1 Bb5 36. Rd5 Bc4 37. Rxg5 Rc8 38. Rc5 Ke6 39. Rxc4 Kd5 40. Rc5+ Kd4 41. a6 Kd3 42. a7 Ra8 43. Bb8 f3 44. gxf3 Rxa7 45. Bxa7 1-0

[Event "*** Titled Tuesday Blitz"]
[Site "Chess.com"]
[Date "2020.11.03"]
[Round "4"]
[White "esrosenberg"]
[Black "m_ezat"]
[Result "0-1"]
[WhiteElo "2327"]
[BlackElo "2533"]
[TimeControl "180+1"]
[EndTime "10:42:19 PST"]
[Termination "m_ezat won on time"]

1. Nf3 Nf6 2. c4 g6 3. Nc3 Bg7 4. e4 O-O 5. d4 d6 6. h3 c5 7. d5 a6 8. Bd3 b5 9. cxb5 axb5 10.
Bxb5 Nxe4 11. Nxe4 Qa5+ 12. Nc3 Bxc3+ 13. bxc3 Qxb5 14.
Bh6 Re8 15. Qe2 Qxe2+ 16. Kxe2 Ba6+ 17. Ke3 Bc4 18. a4 Nd7 19. a5 Nf6 20. Nd2 Nxd5+ 21. Kf3 Ba6 22. c4 Nb4 23. h4 Nc6 24. h5 Bb7 25. Kg3 Nxa5 26. hxg6 hxg6 27. f3 Nc6 28. Rab1 Rab8 29. Ne4 Ne5 30. Ng5 Bc6 31. Rbe1 Nxc4 32.
Nh3 f6 33. Nf4 Kf7 34. Ne6 Ne5 35. Nf4 Rh8 36. Ne2 g5 37. f4 Nd3 38. Rd1 gxf4+ 39. Bxf4 Nxf4 40. Nxf4 Rb3+ 0-1

[Event "*** Titled Tuesday Blitz"]
[Site "Chess.com"]
[Date "2020.11.03"]
[Round "4"]
[White "kai_nov"]
[Black "lefonghua"]
[Result "1-0"]
[WhiteElo "2294"]
[BlackElo "2333"]
[TimeControl "180+1"]
[EndTime "10:42:21 PST"]
[Termination "kai_nov won by resignation"]

1. d4 Nf6 2. c4 g6 3. f3 Bg7 4.
e4 O-O 5. Nc3 d6 6. Bg5 c5 7. d5 h6 8. Be3 e6 9. Qd2 exd5 10.
cxd5 Re8 11. a4 Kh7 12. Ra3 a6 13. Nge2 Nbd7 14. Ng3 Rb8 15. Be2 Ne5 16. O-O Bd7 17.
a5 b5 18. axb6 Rxb6 19. h3 Qb8 20. f4 Rxb2 21. Qc1 Ng8 22. fxe5 dxe5 23. Rxf7 Re7 24. Rxe7 Nxe7 25. Rxa6 Qb7 26. Bxc5 Nc8 27. Ra2 Rb3 28.
Bc4 Rxc3 29. Qxc3 Qb1+ 30. Kh2 h5 31. Ra1 Qb8 32. h4 Nd6 33. Be2 Nf7 34. Ra7 Qd8 35. Kg1 Be8 36. Qf3 Qxh4 37. Rxf7 Bxf7 38. Qxf7 Qxg3 39.
Bf8 Qe3+ 40. Kh2 Qf4+ 41. Qxf4 exf4 42. Bxg7 Kxg7 43. e5 Kf7 44. Bc4 Ke7 45. d6+ Kd7 46. Bf7 g5 47. Bxh5 Ke6 48. Bg4+ Kf7 49. e6+ Ke8 50.
e7 Kf7 51. Bh5+ Kf6 52. e8=Q 1-0

[Event "*** Titled Tuesday Blitz"]
[Site "Chess.com"]
[Date "2020.11.03"]
[Round "4"]
[White "SergeyShtyka"]
[Black "davidkalashian"]
[Result "0-1"]
[WhiteElo "2367"]
[BlackElo "2604"]
[TimeControl "180+1"]
[EndTime "10:42:22 PST"]
[Termination "davidkalashian won by resignation"]

1. e4 c6 2. Nf3 g6 3. d4 Bg7 4.
Be2 d6 5. O-O Nf6 6. e5 dxe5 7.
Nxe5 O-O 8. c3 Nbd7 9. Nxd7 Bxd7 10. Nd2 Re8 11. Nf3 Bg4 12. h3 Bxf3 13. Bxf3 Qc7 14.
Qb3 Rad8 15. Bg5 h6 16. Bh4 Nd5 17. Bg3 Qb6 18. Qc2 e5 19. dxe5 Bxe5 20. Bxe5 Rxe5 21. Rad1 Kg7 22. c4 Nf6 23. Rxd8 Qxd8 24. Rd1 Qe7 25. Qc3 h5 26. a3 g5 27. g3 h4 28. gxh4 gxh4 29. Rd4 Re1+ 30. Kg2 Qe5 31. Rd3 Qg5+ 32. Bg4 Re4 33. Re3 Rxe3 34. Qxe3 Qxe3 35.
fxe3 Nxg4 36. hxg4 Kg6 37. c5 a5 38. b4 axb4 39.
axb4 f5 40. Kh3 Kg5 41. gxf5 Kxf5 42. Kxh4 Ke4 43. Kg5 Kxe3 44. Kf5 Kd4 45. Ke6 Kc4 46. Kd6 Kxb4 47. Kc7 Kxc5 48. Kxb7 Kb5 0-1

[Event "*** Titled Tuesday Blitz"]
[Site "Chess.com"]
[Date "2020.11.03"]
[Round "4"]
[White "chessmachine14"]
[Black "IwkooO"]
[Result "1/2-1/2"]
[WhiteElo "2358"]
[BlackElo "2633"]
[TimeControl "180+1"]
[EndTime "10:42:22 PST"]
[Termination "Game drawn by repetition"]

1. e4 c5 2. Nf3 e6 3. d4 cxd4 4. Nxd4 Nc6 5. Nc3 a6 6. g3 d6 7.
Bg2 Bd7 8. O-O Nf6 9. Kh1 Be7 10.
f4 O-O 11. g4 Nxd4 12. Qxd4 Nxg4 13. Bf3 Nf6 14. e5 dxe5 15. fxe5 Nd5 16. Nxd5 exd5 17. Bxd5 Be6 18. c4 Qd7 19. Rg1 Rfd8 20. Bh6 g6 21. Rad1 Rac8 22. Rgf1 Rxc4 23. Qxc4 Bxd5+ 24. Rxd5 Qxd5+ 25. Qxd5 Rxd5 26. Rc1 Rc5 27. Rxc5 Bxc5 28. b3 Bd4 29. Bf4 Kf8 30. Kg2 Ke7 31. Kf3 Ke6 32. Ke4 Bc3 33. h3 g5 34. Bxg5 Bxe5 35. Be3 f5+ 36. Kf3 Kd5 37.
Bg1 b5 38. Bb6 Ke6 39. Ke3 Kf6 40. Kf3 Kg5 41. Bd8+ Bf6 42. Bc7 Kg6 43. Kf4 Bh4 44. Be5 Bg5+ 45. Kg3 Kf7 46. Kf3 Ke6 47. Bb8 Kd5 48.
Ba7 Bd2 49. Bf2 Bc1 50. Ba7 Bd2 51. Bf2 Kc6 52. Ba7 Kd5 1/2-1/2

[Event "*** Titled Tuesday Blitz"]
[Site "Chess.com"]
[Date "2020.11.03"]
[Round "4"]
[White "tan275"]
[Black "jonaszmb"]
[Result "0-1"]
[WhiteElo "2188"]
[BlackElo "2400"]
[TimeControl "180+1"]
[EndTime "10:42:22 PST"]
[Termination "jonaszmb won on time"]

1. d4 Nf6 2. c4 c5 3. d5 b5 4.
cxb5 a6 5. e3 g6 6. Nc3 Bg7 7.
Nf3 Qa5 8. Bd2 axb5 9. Bxb5 O-O 10. a4 d6 11. O-O Bg4 12. Ne4 Qb6 13. Nxf6+ Bxf6 14. Bc3 Bxc3 15. bxc3 Na6 16. h3 Bf5 17. Qe2 Be4 18.
Rfd1 Nc7 19. Bc6 Ra7 20. Ng5 Bf5 21. e4 Bc8 22. Rdb1 Qa5 23. Qe3 f6 24. Nf3 Kg7 25. Nd2 Na6 26. Nc4 Qd8 27. Nb6 Bb7 28. Bxb7 Rxb7 29. a5 Qc7 30. Qd3 c4 31. Qxc4 Nc5 32.
Qe2 Rfb8 33. Qc2 g5 34. Nc4 Nd7 35. a6 Rxb1+ 36. Rxb1 Rxb1+ 37. Qxb1 Qxc4 38. a7 Qa6 39. Qb8 Nxb8 40. axb8=Q Qa1+ 41. Kh2 Qxc3 42. Qe8 Qe5+ 43. g3 Qxe4 0-1

[Event "*** Titled Tuesday Blitz"]
[Site "Chess.com"]
[Date "2020.11.03"]
[Round "4"]
[White "salomez"]
[Black "pavelalexandru07"]
[Result "1/2-1/2"]
[WhiteElo "2140"]
[BlackElo "2304"]
[TimeControl "180+1"]
[EndTime "10:42:22 PST"]
[Termination "Game drawn by repetition"]

1. e4 c5 2. Nf3 d6 3. d4 cxd4 4.
Nxd4 Nf6 5. Nc3 a6 6. Bc4 e6 7. a4 Be7 8. O-O O-O 9. Be3 Nbd7 10. f4 Qc7 11. Ba2 Nc5 12. Qf3 b6 13. Rae1 Bb7 14.
Bc1 Rad8 15. b4 Ncxe4 16. Nxe4 Nxe4 17. Rxe4 Bf6 18. Qd3 Bxe4 19. Qxe4 Qc3 20. Be3 Qxb4 21. Qd3 Qxa4 22. Bb3 Qa3 23. Nc6 Rd7 24. Bxb6 Rc8 25. Ne5 Rb7 26. Nc4 Qb4 27. Ba5 Qc5+ 28. Kh1 d5 29.
Ne5 Bxe5 30. fxe5 Qxa5 31. Qf3 g6 32. c4 Qc7 33. cxd5 exd5 34. Bxd5 Ra7 35. e6 Rf8 36. exf7+ Kg7 37. Qf6+ Kh6 38. Qh4+ Kg7 39. Qf6+ Kh6 40. Qf3 Kg7 41. Qf6+ 1/2-1/2

[Event "*** Titled Tuesday Blitz"]
[Site "Chess.com"]
[Date "2020.11.03"]
[Round "4"]
[White "mjray79"]
[Black "German_Bazeev"]
[Result "1/2-1/2"]
[WhiteElo "2492"]
[BlackElo "2737"]
[TimeControl "180+1"]
[EndTime "10:42:23 PST"]
[Termination "Game drawn by repetition"]

1. d4 Nf6 2. c4 e6 3. g3 d5 4.
Bg2 Bb4+ 5. Bd2 Be7 6. Nf3 O-O 7. O-O c6 8. Qc2 a5 9. Nc3 Nbd7 10. e4 dxc4 11. a4 b6 12. Be3 Ba6 13. Rfd1 Rc8 14.
Ne5 Nxe5 15. dxe5 Nd7 16. Bxb6 Qxb6 17. Rxd7 Bc5 18. Rad1 Rcd8 19. Bf1 Rxd7 20. Rxd7 Rd8 21. Rxd8+ Qxd8 22. Nd1 Qd4 23. Ne3 Qxe5 24. Nxc4 Bxc4 25.
Qxc4 g6 26. Qc3 Bd4 27. Qxc6 Bxb2 28. Qb5 Qc3 29. Qc4 Qe1 30. Qe2 Qa1 31. Qb5 Bc3 32. Kg2 Bb4 33. Bc4 Kg7 34. Qd7 Qe5 35. Qd3 Bc5 36.
Bb5 Qb2 37. Qe2 Qc3 38. Qd3 Qe5 39. Qc4 g5 40. Qe2 Qd4 41. Qf3 h5 42. h3 Kf8 43.
Qe2 g4 44. hxg4 hxg4 45. Qe1 Bb6 46. Qe2 Ke7 47. Qe1 Qb2 48. Qe2 Qd4 49. Qc2 Kf6 50. Qe2 Ke7 1/2-1/2

[Event "*** Titled Tuesday Blitz"]
[Site "Chess.com"]
[Date "2020.11.03"]
[Round "4"]
[White "Jenia84"]
[Black "Das_Virus_2020"]
[Result "1-0"]
[WhiteElo "2299"]
[BlackElo "2404"]
[TimeControl "180+1"]
[EndTime "10:42:23 PST"]
[Termination "Jenia84 won by resignation"]

1. Nf3 Nf6 2. b3 d6 3. Bb2 e5 4. e3 g6 5. Be2 Bg7 6. O-O O-O 7. d3 c6 8. Nbd2 Re8 9. c4 Qe7 10. Qc2 h6 11. h3 Kh7 12. Rfe1 a5 13. a4 Na6 14.
Rad1 Nb4 15. Qb1 Bf5 16. Ne4 Rad8 17. Bf1 Bc8 18. Nxf6+ Bxf6 19. e4 c5 20. Bc3 Bg7 21. g3 Rf8 22. Bg2 f6 23. Nh4 Qf7 24. Rf1 Qe7 25.
Rde1 b6 26. Kh2 Nc6 27. Qc1 Nd4 28. Bxd4 exd4 29. f4 Qf7 30. f5 g5 31. Ng6 Rfe8 32.
Bf3 Re5 33. Nxe5 dxe5 34. Qd1 Bd7 35. Bh5 Qe7 36. Bg6+ Kg8 37. Qh5 Be8 38. h4 Bf7 39.
hxg5 hxg5 40. Kg2 Kf8 41. Rh1 Ke8 42. Bxf7+ Qxf7 43. Qxf7+ Kxf7 44. Rh7 Rg8 45. Reh1 Kf8 46. Kf3 Kf7 47. Kg4 Kf8 48. R1h5 Kf7 49. R5h6 Kf8 50. Rg6 Kf7 51. Kh5 Kf8 52. Rhxg7 Rxg7 53. Rxf6+ Ke7 54.
Rxb6 Rh7+ 55. Rh6 Rf7 56. Kxg5 Rg7+ 57. Kh4 1-0

[Event "*** Titled Tuesday Blitz"]
[Site "Chess.com"]
[Date "2020.11.03"]
[Round "4"]
[White "tteshan"]
[Black "AurumO"]
[Result "1-0"]
[WhiteElo "2369"]
[BlackElo "1968"]
[TimeControl "180+1"]
[EndTime "10:42:24 PST"]
[Termination "tteshan won on time"]

1. d4 d5 2. c4 e6 3. Nc3 Nf6 4. cxd5 exd5 5. Bg5 c6 6. e3 Be7 7. Bd3 Nbd7 8. Qc2 h6 9. Bh4 O-O 10. Nge2 Re8 11. O-O Ne4 12. Bxe7 Qxe7 13. Bxe4 dxe4 14. Ng3 Nf6 15. Rfd1 Bg4 16. Rd2 Rad8 17. h3 Bh5 18. Nxh5 Nxh5 19. Qb3 Nf6 20. d5 cxd5 21. Nxd5 Nxd5 22.
Rxd5 Rxd5 23. Qxd5 Rd8 24. Qa5 a6 25. Rc1 Qf6 26. Qb4 b5 27. Qxe4 Qxb2 28. Rc2 Qb1+ 29.
Kh2 Qf1 30. Qe7 Qd3 31. Rc6 a5 32. Ra6 a4 33. Qc7 Rd7 34. Ra8+ Kh7 35. Qc8 Qd6+ 36.
g3 Qd2 37. Kg2 Qd5+ 38. Kg1 Qd1+ 39. Kg2 Qd5+ 40. Kh2 Qd1 41. Qg8+ Kg6 42. Qe8 Qd6 43. Qe4+ 1-0

[Event "*** Titled Tuesday Blitz"]
[Site "Chess.com"]
[Date "2020.11.03"]
[Round "4"]
[White "WonderChampion"]
[Black "marabu44"]
[Result "0-1"]
[WhiteElo "2012"]
[BlackElo "2259"]
[TimeControl "180+1"]
[EndTime "10:42:24 PST"]
[Termination "marabu44 won by checkmate"]

1. e4 e5 2. Nf3 Nc6 3. Bc4 d6 4. Nc3 Be6 5. Bxe6 fxe6 6. O-O Nf6 7. d3 Qd7 8. Bg5 Be7 9. Re1 O-O 10. d4 Rad8 11.
d5 exd5 12. Nxd5 Nxd5 13. exd5 Nb8 14. Bxe7 Qxe7 15. Qd3 Qf6 16. Qe4 Nd7 17. Qg4 Qg6 18. Qe6+ Qf7 19. Ng5 Qxe6 20. Nxe6 Nb6 21. Nxd8 Rxd8 22.
Rad1 Rf8 23. b3 a5 24. c4 Nd7 25. Re3 b6 26. a3 Rf4 27. g3 Rf6 28. Rde1 g5 29.
Re4 Rf7 30. b4 a4 31. Rg4 h6 32.
Rge4 Rf3 33. R1e3 Rf7 34. Rc3 Kg7 35. Kg2 Kg6 36. h4 Rf6 37. hxg5 hxg5 38. Re1 g4 39. Re4 Kg5 40. f3 gxf3+ 41. Rxf3 Rxf3 42. Kxf3 Nf6 43. Re2 b5 44. c5 Nxd5 45. cxd6 cxd6 46. Rd2 Nc3 47.
Rxd6 Kf5 48. g4+ Kg5 49. Rb6 e4+ 50. Kg3 e3 51. Re6 e2 52. Re3 Kf6 53. Kh4 Kg6 54. g5 Kf5 55. Kh5 Nd5 56. Re8 Nf4+ 57. Kh6 Ne6 58.
g6 e1=Q 59. g7 Qh4# 0-1

[Event "*** Titled Tuesday Blitz"]
[Site "Chess.com"]
[Date "2020.11.03"]
[Round "4"]
[White "Shubinkirill2003"]
[Black "Mr_Sinigami"]
[Result "0-1"]
[WhiteElo "2680"]
[BlackElo "2500"]
[TimeControl "180+1"]
[EndTime "10:42:26 PST"]
[Termination "Mr_Sinigami won by resignation"]

1. e4 c5 2. Nf3 e6 3. g3 Nf6 4. e5 Nd5 5. Bg2 Be7 6. O-O O-O 7. d4 cxd4 8. Nxd4 d6 9. exd6 Qxd6 10. c4 Nb6 11.
Nb5 Qxd1 12. Rxd1 Nc6 13. N1a3 e5 14. Be3 Nd7 15. Bxc6 bxc6 16. Nxa7 Nb8 17. Nxc8 Rxc8 18. Nc2 Na6 19. Rd7 Bc5 20. Rad1 Bxe3 21. Nxe3 Nc5 22. Re7 Rxa2 23. Rxe5 Ne6 24. Nf5 Kf8 25. b4 g6 26. Nd6 Rd8 27. c5 Rb2 28. Re4 Nc7 29.
g4 Nd5 30. Rdd4 Nc3 31. Rf4 Ne2+ 32. Kg2 Nxd4 33. Rxd4 Rb8 34. Rf4 f5 35. b5 cxb5 36.
gxf5 g5 37. Rg4 Rc2 38. Rxg5 Rxc5 39. Ne4 Re5 40. Nf6 Rb7 41. h4 b4 42. h5 b3 43. h6 Ree7 44. Rg8+ Kf7 45. Rg6 hxg6 46. h7 Rb8 0-1